[Event "Romanian-ch Youth Open U20 2024"]
[Site "Eforie Nord"]
[Date "2024.04.12"]
[Round "1.1"]
[White "Tudor, Henry Edward"]
[Black "Mintau, Andrei-Catalin"]
[Result "1-0"]
[ECO "A58"]
[WhiteElo "2279"]
[BlackElo "2006"]
[Annotator "RC"]
[PlyCount "55"]
[EventDate "2024.04.10"]
[EventType "swiss"]
[EventCountry "ROU"]
[SourceTitle "playchess.com"]
[Source "ChessBase"]
[SourceQuality "1"]
[TimeControl "5400+30"]

1. d4 Nf6 2. c4 c5 3. d5 b5 4. cxb5 a6 5. bxa6 e6 6. Nc3 exd5 7. Nxd5 Be7 8. e3 Nxd5 9. Qxd5 Ra7 10. Nf3 Nxa6 11. a3 O-O 12. Be2 Nb4 13. Qd1 d5 14. Bd2 Nc6 15. Rc1 Bf5 16. Bb5 Na5 17. O-O c4 18. Nd4 Bd3 19. Re1 Bf6 20. Bb4 Qb6 21. Bxf8 Kxf8 22. a4 Be7 23. Qd2 Qd6 24. Red1 Ra8 25. Qc3 Nb7 26. Rxd3 cxd3 27. Qxd3 Nc5 28. Qxh7 1-0

[Event "Romanian-ch Youth Open U20 2024"]
[Site "Eforie Nord"]
[Date "2024.04.12"]
[Round "1.2"]
[White "Tudoroiu, Razvan-Catalin"]
[Black "Serban, Cristian-Stefan"]
[Result "1/2-1/2"]
[ECO "D02"]
[WhiteElo "2004"]
[BlackElo "2282"]
[Annotator "RC"]
[PlyCount "91"]
[EventDate "2024.04.10"]
[EventType "swiss"]
[EventCountry "ROU"]
[SourceTitle "playchess.com"]
[Source "ChessBase"]
[SourceQuality "1"]
[TimeControl "5400+30"]

1. d4 Nf6 2. Bf4 d5 3. e3 c5 4. Nd2 e6 5. Ngf3 Qb6 6. Rb1 cxd4 7. exd4 Bd7 8. Bd3 Bb5 9. Qe2 Bxd3 10. Qxd3 Qa6 11. Ne5 Bd6 12. h3 O-O 13. O-O Bxe5 14. Qxa6 Nxa6 15. Bxe5 Nd7 16. Bg3 Nab8 17. Nb3 a5 18. a4 Nc6 19. c3 Rfe8 20. Nc1 f6 21. Rd1 Kf7 22. Nd3 e5 23. dxe5 fxe5 24. f3 Nf6 25. Re1 e4 26. Nc5 Ra7 27. Bf2 b6 28. Nb3 Ne5 29. Nd4 Rd7 30. Nb5 exf3 31. Bxb6 fxg2 32. Kxg2 Re6 33. Bd4 Ne4 34. Bxe5 Rxe5 35. Nd4 Rd6 36. Re3 Rg5+ 37. Kh2 Rdg6 38. Rf1+ Kg8 39. Re2 h6 40. Nf3 Rh5 41. Rg2 Rf6 42. Nd2 Rxf1 43. Nxf1 Ng5 44. Rg3 Rh4 45. Ne3 Rxa4 46. Nxd5 1/2-1/2

[Event "Romanian-ch Youth Open U20 2024"]
[Site "Eforie Nord"]
[Date "2024.04.12"]
[Round "1.3"]
[White "Korcsek, Alexandru-David"]
[Black "Coca, Cristi-Iulian"]
[Result "0-1"]
[ECO "B53"]
[WhiteElo "2022"]
[BlackElo "2235"]
[Annotator "TA"]
[PlyCount "134"]
[EventDate "2024.04.10"]
[EventType "swiss"]
[EventCountry "ROU"]
[SourceTitle "playchess.com"]
[Source "ChessBase"]
[SourceQuality "1"]
[TimeControl "5400+30"]

1. e4 c5 2. Nf3 d6 3. d4 cxd4 4. Qxd4 Nc6 5. Qe3 Nf6 6. h3 e6 7. c4 Be7 8. Nc3 {[%emt 0:04:08] The position is equal.} Bd7 (8... d5 $11 9. cxd5 exd5 10. Nxd5 Nxd5 11. exd5 Qxd5) 9. Be2 Rc8 10. O-O O-O 11. Rd1 a6 12. b3 Qa5 13. Bb2 Rfd8 14. Rac1 Be8 15. a3 Qc5 16. Qd3 Qa7 17. b4 Nd7 18. Nb1 Nde5 19. Nxe5 dxe5 20. Qg3 Nd4 $36 {[%emt 0:01:43][%mdl 2048] White is under pressure.} 21. Bf1 Bf6 22. Nc3 h6 23. Ne2 Ba4 24. Rd3 Qb8 25. Qg4 Nb3 (25... Qc7 $15 {is superior.}) 26. Rxd8+ ({Better is} 26. Rcd1 $1 $11) 26... Rxd8 $15 (26... Bxd8 27. Rd1 $11) 27. Re1 g6 28. Nc3 Be8 29. Rd1 Nd4 30. Bd3 Bg7 31. Qg3 Rd7 32. Na4 Rd8 33. Nc3 Qc8 34. Qe3 Kh7 35. Kh1 Qc7 36. Ne2 Ba4 37. Rc1 h5 38. Re1 Bc2 {[%emt 0:01:37] Black is much more active.} 39. Bxd4 exd4 40. Qf3 Ba4 41. Nf4 Be5 42. Ne2 Qe7 43. Nc1 Kg8 44. Bb1 Bc6 45. Nd3 Bg7 {[%emt 0:00:17] A strong pair of Bishops.} 46. Qg3 e5 47. f4 exf4 48. Qxf4 Re8 49. e5 {[%emt 0:00:44] White does not recover from this.} (49. Kg1 $15) 49... Qe6 $1 $19 50. Kh2 Qxc4 51. Nc5 $2 (51. Kg1 {is a better chance.}) 51... Qd5 {[%emt 0:00:38][%csl Gc6,LRe5,LRg2][%cal Rd5g2] [#]} 52. Qe4 Qxe5+ (52... Bxe5+ 53. Kg1 Bh2+ 54. Kxh2 Rxe4 55. Bxe4 Qd6+ (55... Qe5+ $2 56. Kh1 $19) 56. Kh1 Bxe4 (56... Qe7 $2 57. Re2 $19) 57. Rxe4 d3 58. Re8+ Kg7) 53. Qxe5 Rxe5 ({But not} 53... Bxe5+ 54. Kh1 $19) 54. Rxe5 Bxe5+ {[%emt 0:00:01][%mdl 4096] Endgame. KBB-KBN} 55. Kg1 Kg7 56. Be4 (56. Bd3 $142) 56... Bxe4 {[%emt 0:00:30] Black is clearly winning.} 57. Nxe4 {[%emt 0:00:04] KB-KN} b6 58. Kf1 f5 59. Nd2 Kf6 60. Ke2 Ke6 61. Kd3 Kd5 62. Nc4 Bc7 {[%emt 0:00:32] [#] Hoping for ...g5.} 63. Nd2 Bd8 64. Nb3 Bf6 65. Nc1 (65. a4 $142) 65... g5 66. Ne2 Be5 {[%emt 0:00:04] ...f4 is the strong threat.} 67. a4 g4 {[%emt 0:00:22] Weighted Error Value: White=0.39/Black=0.22 (precise) .  Mistake:       	White=5     	Black=3      Inaccurate:     	White=8     	Black=6      OK:         	White=15    	Black=22     Best:        	---       	Black=4} 0-1

[Event "Romanian-ch Youth Open U20 2024"]
[Site "Eforie Nord"]
[Date "2024.04.12"]
[Round "1.4"]
[White "Antal, Hunor-Zoltan"]
[Black "Barbu, Simon-Alexandru"]
[Result "0-1"]
[ECO "A35"]
[WhiteElo "2301"]
[BlackElo "1954"]
[Annotator "RC"]
[PlyCount "84"]
[EventDate "2024.04.10"]
[EventType "swiss"]
[EventCountry "ROU"]
[SourceTitle "playchess.com"]
[Source "ChessBase"]
[SourceQuality "1"]
[TimeControl "5400+30"]

1. c4 c5 2. Nc3 Nc6 3. Nf3 g6 4. e3 Nf6 5. d4 cxd4 6. exd4 d5 7. cxd5 Nxd5 8. Qb3 Nb6 9. d5 Nb8 10. Bb5+ Bd7 11. Be2 Bg7 12. O-O O-O 13. Bg5 h6 14. Bh4 Bg4 15. Rfd1 N8d7 16. Qb4 Bxf3 17. Bxf3 g5 18. Bg3 Ne5 19. Be2 Rc8 20. d6 exd6 21. Rxd6 Qc7 22. Bxe5 Bxe5 23. Rxh6 Bxc3 24. bxc3 Qxc3 25. Qb1 Qg7 26. Rh5 Rfe8 27. Bd3 Nd5 28. h4 Re5 29. Qxb7 Rce8 30. Bc4 Nf4 31. Bxf7+ Kf8 32. Qb4+ Kxf7 33. Qb7+ R8e7 34. Qf3 Kg6 35. Rd1 Nxh5 36. Rd6+ R7e6 37. Qd3+ Kh6 38. Rd7 Re7 39. Rd6+ R5e6 40. Rd5 Nf4 41. hxg5+ Qxg5 42. Rxg5 Nxd3 0-1

[Event "Romanian-ch Youth Open U20 2024"]
[Site "Eforie Nord"]
[Date "2024.04.13"]
[Round "2.1"]
[White "Serban, Cristian-Stefan"]
[Black "Antonica, Dragos-Andrei"]
[Result "1-0"]
[ECO "E14"]
[WhiteElo "2282"]
[BlackElo "2317"]
[Annotator "RC"]
[PlyCount "63"]
[EventDate "2024.04.10"]
[EventType "swiss"]
[EventCountry "ROU"]
[SourceTitle "playchess.com"]
[Source "ChessBase"]
[SourceQuality "1"]
[TimeControl "5400+30"]

1. d4 Nf6 2. c4 e6 3. Nf3 Bb4+ 4. Nbd2 b6 5. a3 Bxd2+ 6. Qxd2 Bb7 7. e3 O-O 8. Be2 d5 9. O-O Nbd7 10. cxd5 Bxd5 11. b4 c5 12. dxc5 bxc5 13. Bb2 Ne4 14. Qc2 Rc8 15. Ba6 Rc7 16. Rac1 c4 17. Qe2 c3 18. Ba1 Qa8 19. Rfe1 Ndf6 20. Ne5 Bb3 21. f3 Qd5 22. Nd3 Qd6 23. Nf4 e5 24. Nh3 Nd2 25. Rxc3 Rxc3 26. Bxc3 Rd8 27. Nf2 Ba4 28. Bb5 Bxb5 29. Qxb5 a6 30. Qe2 Nb3 31. Qb2 Qe6 32. Rb1 1-0

[Event "Romanian-ch Youth Open U20 2024"]
[Site "Eforie Nord"]
[Date "2024.04.13"]
[Round "2.2"]
[White "Tudor, Henry Edward"]
[Black "Tudoroiu, Razvan-Catalin"]
[Result "1-0"]
[ECO "A67"]
[WhiteElo "2279"]
[BlackElo "2004"]
[Annotator "RC"]
[PlyCount "67"]
[EventDate "2024.04.10"]
[EventType "swiss"]
[EventCountry "ROU"]
[SourceTitle "playchess.com"]
[Source "ChessBase"]
[SourceQuality "1"]
[TimeControl "5400+30"]

1. d4 Nf6 2. c4 c5 3. d5 e6 4. Nc3 exd5 5. cxd5 d6 6. e4 g6 7. f4 Bg7 8. Bb5+ Nfd7 9. a4 Na6 10. Nf3 Nb4 11. O-O O-O 12. Be3 a6 13. Be2 Nf6 14. Nd2 Qe7 15. Bf2 Rb8 16. a5 Re8 17. Re1 Bd7 18. Kh1 h5 19. h3 Nh7 20. Nc4 Bb5 21. Bf1 Bxc4 22. Bxc4 Qf6 23. Qd2 Bh6 24. Be3 Qh4 25. b3 Nf6 26. Bf2 Bxf4 27. Bxh4 Bxd2 28. Bxf6 Nc2 29. Re2 Bxc3 30. Bxc3 Nxa1 31. Bxa1 Rf8 32. Bf6 Rfe8 33. e5 dxe5 34. d6 1-0

[Event "Romanian-ch Youth Open U20 2024"]
[Site "Eforie Nord"]
[Date "2024.04.13"]
[Round "2.3"]
[White "Coca, Cristi-Iulian"]
[Black "Prisacaru, Stefan-Emilian"]
[Result "1/2-1/2"]
[ECO "C00"]
[WhiteElo "2235"]
[BlackElo "2286"]
[Annotator "RC"]
[PlyCount "53"]
[EventDate "2024.04.10"]
[EventType "swiss"]
[EventCountry "ROU"]
[SourceTitle "playchess.com"]
[Source "ChessBase"]
[SourceQuality "1"]
[TimeControl "5400+30"]

1. e4 e6 2. d3 d5 3. Nd2 Nf6 4. Ngf3 Nc6 5. g3 dxe4 6. dxe4 e5 7. Bg2 Bc5 8. O-O O-O 9. c3 a5 10. Qc2 b5 11. h3 Be6 12. Kh2 h6 13. Ne1 Nd7 14. f4 f6 15. f5 Bf7 16. g4 Be3 17. Ndf3 Bxc1 18. Qxc1 Nc5 19. Qe3 Qd6 20. h4 Nxe4 21. Qxe4 Bd5 22. Qc2 e4+ 23. Kh3 exf3 24. Nxf3 Qc5 25. Qf2 Qxf2 26. Rxf2 Rad8 27. a4 1/2-1/2

[Event "Romanian-ch Youth Open U20 2024"]
[Site "Eforie Nord"]
[Date "2024.04.13"]
[Round "2.4"]
[White "Barbu, Simon-Alexandru"]
[Black "Mazilu, Stefan Fabian"]
[Result "0-1"]
[ECO "D41"]
[WhiteElo "1954"]
[BlackElo "1994"]
[Annotator "NA RC"]
[PlyCount "120"]
[EventDate "2024.04.10"]
[EventType "swiss"]
[EventCountry "ROU"]
[SourceTitle "playchess.com"]
[Source "ChessBase"]
[SourceQuality "1"]
[TimeControl "5400+30"]

1. e4 c6 2. c4 d5 3. cxd5 cxd5 4. exd5 Nf6 5. Nc3 Nxd5 6. Nf3 e6 7. Bc4 Nc6 8. d4 Be7 9. O-O O-O 10. a3 Bf6 11. Ba2 Nce7 12. Qd3 Bd7 13. Re1 Bc6 $11 14. Ne5 Nf5 15. Bd2 Nde7 16. d5 Nxd5 17. Nxc6 bxc6 18. Rad1 Nfe7 19. Bb1 g6 20. Bh6 Nxc3 21. Bxf8 Nxd1 22. Bxe7 Qxe7 23. Rxd1 Bxb2 24. Qc2 Bxa3 25. Qxc6 Rd8 26. Bc2 Rxd1+ 27. Bxd1 Bc5 28. g3 Bb6 29. Qc8+ Kg7 30. Qc3+ Qf6 31. Qc2 Qd4 32. Bf3 a5 33. Bc6 e5 34. Be8 Kf8 35. Bb5 h5 36. Ba4 h4 37. Kg2 Kg7 38. Bb3 h3+ 39. Kxh3 Qxf2 40. Qc4 e4 41. Qxe4 Qf1+ 42. Qg2 Qf5+ 43. g4 Qf4 44. Qg3 Qh6+ 45. Kg2 Qd2+ 46. Kh3 Bd4 47. g5 Qe2 48. Qf4 Qd3+ 49. Qg3 Qb5 50. Qf3 Qd7+ 51. Qg4 Qd6 52. Qf3 Qe7 53. Kg4 Be3 54. h4 Qb4+ 55. Kg3 Qxb3 56. h5 Qb8+ 57. Kg4 Qb4+ 58. Kh3 Bxg5 59. hxg6 fxg6 60. Qd5 Bf6 0-1

[Event "Romanian-ch Youth Open U20 2024"]
[Site "Eforie Nord"]
[Date "2024.04.13"]
[Round "3.1"]
[White "Tudoroiu, Razvan-Catalin"]
[Black "Mintau, Andrei-Catalin"]
[Result "1-0"]
[ECO "D02"]
[WhiteElo "2004"]
[BlackElo "2006"]
[Annotator "RC"]
[PlyCount "79"]
[EventDate "2024.04.10"]
[EventType "swiss"]
[EventCountry "ROU"]
[SourceTitle "playchess.com"]
[Source "ChessBase"]
[SourceQuality "1"]
[TimeControl "5400+30"]

1. d4 Nf6 2. Bf4 d5 3. e3 e6 4. Nd2 Bd6 5. Bg3 O-O 6. Ngf3 c5 7. c3 Qc7 8. Ne5 b6 9. Bd3 Ba6 10. Bxa6 Nxa6 11. f4 Rac8 12. O-O b5 13. Qe2 Qb6 14. Bh4 Bxe5 15. fxe5 Nd7 16. a3 f6 17. exf6 Nxf6 18. Nf3 Nb8 19. Ne5 Nbd7 20. Bxf6 Nxf6 21. Rxf6 Rxf6 22. Nd7 Qd8 23. Nxf6+ Qxf6 24. Qxb5 c4 25. Rf1 Qg5 26. Rf3 Rf8 27. Rxf8+ Kxf8 28. Qb8+ Ke7 29. Qc7+ Ke8 30. Qf4 Qg6 31. Qb8+ Ke7 32. h3 Qb1+ 33. Kh2 Kf6 34. Qf8+ Kg6 35. Qe7 Qe4 36. Qxa7 Qxe3 37. Qb8 Kf7 38. a4 g5 39. Qc7+ Kg6 40. Qe5 1-0

[Event "Romanian-ch Youth Open U20 2024"]
[Site "Eforie Nord"]
[Date "2024.04.13"]
[Round "3.2"]
[White "Antonica, Dragos-Andrei"]
[Black "Tudor, Henry Edward"]
[Result "1/2-1/2"]
[ECO "B52"]
[WhiteElo "2317"]
[BlackElo "2279"]
[Annotator "RC"]
[PlyCount "87"]
[EventDate "2024.04.10"]
[EventType "swiss"]
[EventCountry "ROU"]
[SourceTitle "playchess.com"]
[Source "ChessBase"]
[SourceQuality "1"]
[TimeControl "5400+30"]

1. e4 c5 2. Nf3 d6 3. Bb5+ Bd7 4. a4 Nc6 5. Nc3 Nf6 6. O-O e6 7. d4 cxd4 8. Nxd4 Rc8 9. Nxc6 Bxc6 10. Qf3 Be7 11. Rd1 O-O 12. Bxc6 Rxc6 13. e5 Ne8 14. exd6 Nxd6 15. Nb5 a6 16. Nd4 Rc7 17. Bf4 Rd7 18. Qg4 Re8 19. Be5 Bf6 20. Nf3 Qe7 21. Rd3 Rdd8 22. Bxf6 Qxf6 23. Qb4 a5 24. Qxa5 Qxb2 25. Rad1 Ra8 26. Qc7 Nf5 27. Rb3 Qf6 28. Rxb7 Rec8 29. Qb6 Rxa4 30. Rb8 Ra8 31. Rxa8 Rxa8 32. c4 g5 33. h3 h5 34. Qb7 Ra1 35. Qb8+ Kg7 36. Rxa1 Qxa1+ 37. Kh2 g4 38. hxg4 hxg4 39. Qe5+ Qxe5+ 40. Nxe5 g3+ 41. fxg3 Kf6 42. Nd3 e5 43. Nf2 Ne3 44. c5 1/2-1/2

[Event "Romanian-ch Youth Open U20 2024"]
[Site "Eforie Nord"]
[Date "2024.04.14"]
[Round "4.1"]
[White "Mintau, Andrei-Catalin"]
[Black "Serban, Cristian-Stefan"]
[Result "1/2-1/2"]
[ECO "B22"]
[WhiteElo "2006"]
[BlackElo "2282"]
[Annotator "TA"]
[PlyCount "69"]
[EventDate "2024.04.10"]
[EventType "swiss"]
[EventCountry "ROU"]
[SourceTitle "playchess.com"]
[Source "ChessBase"]
[SourceQuality "1"]
[TimeControl "5400+30"]

1. e4 c5 2. Nf3 a6 3. c3 d5 4. exd5 Qxd5 5. d4 Nf6 6. Be2 cxd4 7. cxd4 e6 8. Nc3 Qd8 9. O-O Nc6 10. Be3 Bd6 11. Rc1 h6 12. Bd3 O-O 13. Bb1 {[%emt 0:00:21] White has an edge.} Re8 14. a3 Ne7 15. Ne5 Ned5 16. Qf3 Qe7 17. Qg3 Nxc3 $2 ({Better is} 17... Nxe3 $14 18. fxe3 Rf8) 18. Rxc3 $18 Kf8 (18... Nd5 $142) 19. Qh3 {[%emt 0:21:32][%cal Oe3h6] [#] Black must now prevent Bxh6!} Ng8 20. Bf4 {[%emt 0:05:02] And now Bh7 would win.} Rd8 21. Rf3 Bxe5 22. dxe5 (22. Bxe5 $18 b5 23. Qg3) 22... b5 (22... Bd7 $16 {keeps fighting.} 23. Bd2 a5) 23. Rd3 $2 ({White should play} 23. Rg3 $18) 23... Bb7 ({Black should try} 23... Rxd3 $1 $14 24. Qxd3 (24. Bxd3 Bb7 $14) 24... Qd7) 24. Bd2 $16 a5 {[%emt 0:00:06][%cal Ba6a5,Ba5a4][%mdl 32] Prevents Bb4} 25. b4 a4 {[%emt 0:10:28] [#]} 26. Be3 $1 {[%emt 0:00:39] aiming for Bc5.} Rxd3 27. Bxd3 {[%emt 0:00:03][%cal Oe3c5] Bc5! is the strong threat.} Qd7 {[%emt 0:00:04] Black is weak on the dark squares} 28. Bc5+ Ne7 29. Qh4 Re8 30. Bd6 {[%emt 0:00:20] White has more active pieces. A strong pair of Bishops.} (30. Rd1 $16) 30... Kg8 $11 31. Rc1 Nd5 {[%emt 0:00:36] Inhibits Rc7.} (31... Nf5 $11 32. Qf4 (32. Rc7 $2 Qxc7 33. Bxc7 Nxh4 $19) 32... Bc6) 32. Rc5 {[%emt 0:00:35] White is slightly better.} Rc8 $1 33. Qd4 (33. Bxb5 $2 {perishes.} Rxc5 34. Bxc5 Qxb5 $19) 33... Rxc5 34. Qxc5 Bc6 35. Be4 {[%emt 0:01:25] Black escapes into a draw.   Weighted Error Value: White=0.32/Black=0.28 (precise) .  Loses game:     	---       	Black=1      Missed win:     	White=1     	---        Mistake:       	White=2     	Black=4      Inaccurate:     	White=2     	Black=1      OK:         	White=7     	Black=10     Best:        	---       	Black=2      Strong:       	---       	Black=1} 1/2-1/2

[Event "Romanian-ch Youth Open U20 2024"]
[Site "Eforie Nord"]
[Date "2024.04.14"]
[Round "4.2"]
[White "Tudor, Henry Edward"]
[Black "Covaciu, Alexandru-Marian"]
[Result "1-0"]
[ECO "A80"]
[WhiteElo "2279"]
[BlackElo "1631"]
[Annotator "TA"]
[PlyCount "81"]
[EventDate "2024.04.10"]
[EventType "swiss"]
[EventCountry "ROU"]
[SourceTitle "playchess.com"]
[Source "ChessBase"]
[SourceQuality "1"]
[TimeControl "5400+30"]

1. d4 f5 2. Bg5 h6 3. Bh4 g5 4. e3 Nf6 5. Bg3 d6 6. Bd3 Nc6 7. h4 {[%emt 0:09:20] hxg5 is the strong threat.} g4 8. h5 e5 {[%emt 0:03:56] The position is equal.} 9. c3 e4 (9... Be6 $11) 10. Bc2 Be6 11. Ne2 d5 12. a4 (12. Nd2 $14) 12... Bd6 13. Bh4 Be7 ({Black should try} 13... O-O $15) 14. Nd2 Bf7 15. Ng3 Qd7 16. a5 a6 17. Nb3 O-O 18. Bxf6 Bxf6 19. Nc5 Qc8 20. Ba4 b5 (20... Nb8 $142 $1) 21. axb6 $11 cxb6 22. Bxc6 Qxc6 23. Nxa6 ({But not} 23. Rxa6 Bg5 $16 (23... Rxa6 24. Nxa6 Ra8 25. Nb4 $16)) 23... Be6 24. Nb4 $36 {[%emt 0:01:39][%mdl 2048] White is more active.} Qc7 25. Ne2 {[%emt 0:03:51] White leaves nothing to chance now.} Bg5 26. g3 Be7 ({Black should play} 26... Bf7 $14) 27. Nf4 $16 Bf7 {[%emt 0:01:14] [#]} (27... Qd7 28. O-O Ra5) 28. Nbxd5 $18 {[%emt 0:00:21] A dynamic duo of knights. White is clearly winning.} Qb7 29. Nxe7+ Qxe7 30. O-O Qg5 31. d5 Rxa1 32. Qxa1 Rd8 33. Rd1 Bxh5 34. Ne6 Qe7 {[%emt 0:00:07] Against d6} 35. Nxd8 Qxd8 {[%emt 0:00:06][%mdl 4096] Endgame. KQR-KQB} 36. d6 {[%emt 0:00:09] Threatens to win with d7.} Bf7 37. d7 {[%emt 0:00:19] Strongly threatening Rd6.} h5 {[%emt 0:00:16] [#]} 38. Qa8 Qxa8 39. d8=Q+ (39. d8=B $2 {too greedy.} Bb3 40. Rd2 Qa1+ 41. Kg2 Bd1 42. Rxd1 Qxd1 $19) 39... Qxd8 40. Rxd8+ Kg7 41. Rb8 {[%emt 0:00:02] Weighted Error Value: White=0.13 (very precise) /Black=0.46.  Mistake:       	White=1     	Black=5      Inaccurate:     	White=5     	Black=4      OK:         	White=12    	Black=3      Best:        	White=1     	---} 1-0

[Event "Romanian-ch Youth Open U20 2024"]
[Site "Eforie Nord"]
[Date "2024.04.14"]
[Round "4.3"]
[White "Coca, Cristi-Iulian"]
[Black "Barbu, Simon-Alexandru"]
[Result "0-1"]
[ECO "A37"]
[WhiteElo "2235"]
[BlackElo "1954"]
[Annotator "RC"]
[PlyCount "112"]
[EventDate "2024.04.10"]
[EventType "swiss"]
[EventCountry "ROU"]
[SourceTitle "playchess.com"]
[Source "ChessBase"]
[SourceQuality "1"]
[TimeControl "5400+30"]

1. c4 c5 2. Nc3 g6 3. Nf3 Bg7 4. g3 Nc6 5. Bg2 e5 6. O-O Nge7 7. Ne1 O-O 8. Nc2 d6 9. Ne3 Be6 10. a3 Rb8 11. Rb1 Qd7 12. b4 b6 13. Ned5 Bf5 14. d3 Bh3 15. Nxe7+ Nxe7 16. Qa4 Qxa4 17. Nxa4 Bxg2 18. Kxg2 f5 19. Nc3 Nc6 20. Nb5 Rfd8 21. Bd2 Kf7 22. Nc7 Rd7 23. Na6 Re8 24. e4 Bf6 25. f3 Bd8 26. Bc3 h5 27. a4 Ke6 28. a5 Rf7 29. Bd2 f4 30. gxf4 exf4 31. Bc3 g5 32. b5 Ne7 33. d4 cxd4 34. Bxd4 Ng6 35. h3 g4 36. hxg4 hxg4 37. fxg4 f3+ 38. Kf2 Bh4+ 39. Ke3 Bg5+ 40. Kd3 bxa5 41. c5 Nf4+ 42. Kc2 Ne2 43. Bf2 dxc5 44. Nxc5+ Ke5 45. Rb3 Rc8 46. Kb2 a4 47. Rd3 Kf4 48. e5 Kxg4 49. e6 Rf4 50. Be3 Bf6+ 51. Ka3 Rc4 52. Nd7 Rc3+ 53. Rxc3 Rxc3+ 54. Ka2 Rxe3 55. Nxf6+ Kg3 56. Nh7 Kg2 0-1

[Event "Romanian-ch Youth Open U20 2024"]
[Site "Eforie Nord"]
[Date "2024.04.14"]
[Round "4.4"]
[White "Korcsek, Alexandru-David"]
[Black "Prisacaru, Stefan-Emilian"]
[Result "0-1"]
[ECO "A07"]
[WhiteElo "2022"]
[BlackElo "2286"]
[Annotator "TA"]
[PlyCount "68"]
[EventDate "2024.04.10"]
[EventType "swiss"]
[EventCountry "ROU"]
[SourceTitle "playchess.com"]
[Source "ChessBase"]
[SourceQuality "1"]
[TimeControl "5400+30"]

1. Nf3 d5 2. b3 Bf5 3. Bb2 e6 4. g3 Nf6 5. Bg2 Nbd7 6. O-O h6 7. d3 Bc5 8. Nbd2 {[%emt 0:02:17][%cal Oe2e4,Bb1d2,Bd2f1,Bf1h2][%mdl 32] The position is equal.} O-O 9. Re1 Bh7 10. e4 c6 11. e5 Ne8 12. Nf1 Nc7 13. h4 f6 (13... Be7 $11) 14. exf6 Nxf6 15. N1h2 Qe7 16. Qe2 Rae8 17. Be5 (17. a3 $14) 17... Nb5 $11 18. Bh3 Bb4 19. Rf1 ({White should play} 19. Bb2 $11) 19... Nc3 (19... Nd7 $15) 20. Qe3 Nd7 21. a3 Ba5 22. Rfe1 (22. b4 $11 Bb6 23. Qd2 Nxe5 24. Nxe5) 22... Nb5 {[%emt 0:05:01][%csl LRa3,LRe1][%cal Od7e5] [#] And now ...Nxe5! would win.} 23. b4 Bb6 24. Qd2 (24. Qe2 $1 $15) 24... Nxe5 $17 25. Rxe5 Qd6 {[%emt 0:00:22] Black is more active.} (25... Nd4 $17 26. Bg2 Rf6) 26. Rae1 $11 Rf6 (26... Nxa3 $11 27. Kg2 Rf6) 27. Kg2 $14 Nd4 {[%emt 0:02:26] [#]} (27... Nxa3 $14 28. Ng4 Rxf3 29. Kxf3 Bd4) 28. Bg4 (28. Nxd4 $1 $16 Bxd4 29. f4) 28... Ref8 29. c3 Nxf3 30. Nxf3 Bf5 (30... Be4 $14 {might be stronger.} 31. dxe4 Rxf3 32. Bxf3 (32. Bxe6+ $2 {is the wrong capture.} Kh8 $19) 32... Qxe5) 31. Bxf5 $16 exf5 32. Qf4 ({White should try} 32. h5 $16) 32... Bc7 $11 33. Qd4 $2 (33. R5e2 $11 {and White stays safe.}) 33... f4 $19 34. g4 (34. Qxa7 $2 {perishes.} fxg3 35. Re8 Rxf3 $19) (34. Qc5 fxg3 (34... Qxc5 $2 35. bxc5 fxg3 36. R5e3 $19) 35. Qxd6 Bxd6 36. R5e3 gxf2 37. Kxf2) 34... Bb6 {[%emt 0:00:43] Weighted Error Value: White=0.53/Black=0.16 (very precise) .  Loses game:     	White=1     	---        Mistake:       	White=7     	Black=6      Inaccurate:     	White=2     	---        OK:         	White=7     	Black=12     Best:        	White=1     	Black=4} 0-1